| TOP OF THE 1ST |
|
Tulsa Drillers batting - Pitching for Omaha Storm Chasers : LHP Brad Havens
|
|
Pitching: LHP Brad Havens
|
|
|
Batting: SHB Paul Householder
|
0-0: Foul Ball, location: 2F 0-1: Ball 1-1: Ball 2-1: Ground out 6-3 (Groundball, 6, EV 111.3 MPH)
|
|
Batting: RHB Victor Rios
|
0-0: Foul Ball, location: 2F 0-1: SINGLE (Line Drive, 34D, EV 108.1 MPH)
|
|
Batting: LHB Jim Adduci
|
0-0: Ball 1-0: Foul Ball, location: 2F 1-1: Swinging Strike 1-2: Strikes out looking
|
|
Batting: LHB Mike Pagliarulo
|
0-0: Ball Victor Rios is caught stealing 2nd base 2-6
|
| Top of the 1st over - 0 runs, 1 hit, 0 errors, 0 left on base; Tulsa 0 - Omaha 0 |
| BOTTOM OF THE 1ST |
|
Omaha Storm Chasers batting - Pitching for Tulsa Drillers : LHP Bob Buchanan
|
|
Pitching: LHP Bob Buchanan
|
|
|
Batting: RHB Odie Davis
|
0-0: Ball 1-0: Ball 2-0: Swinging Strike 2-1: Ball 3-1: Swinging Strike 3-2: Strikes out looking
|
|
Batting: SHB Rafael Landestoy
|
0-0: Called Strike 0-1: Ball 1-1: Foul Ball, location: 2F 1-2: Ball 2-2: Ball 3-2: Foul Ball, location: 2F 3-2: Base on Balls
|
|
Batting: RHB Don Money
|
0-0: Ball Rafael Landestoy steals 2nd base 1-0: Foul Ball, location: 2F 1-1: Ball 2-1: Foul Ball, location: 2F 2-2: Foul Ball, location: 2F 2-2: Foul Ball, location: 2F 2-2: SINGLE (Flyball, 6MD, EV 91.3 MPH) Rafael Landestoy to third
|
|
Batting: LHB Mike LaValliere
|
0-0: Swinging Strike 0-1: Foul Ball, location: 2F 0-2: Fielders Choice at 2nd, 6-4 (Groundball, 56, EV 87.5 MPH) Rafael Landestoy scores
|
|
Batting: SHB Larry Bowa
|
0-0: Called Strike 0-1: Ball 1-1: Ball 2-1: Fielders Choice at 2nd, 5-4 (Groundball, 56, EV 82.5 MPH)
|
| Bottom of the 1st over - 1 run, 1 hit, 0 errors, 1 left on base; Tulsa 0 - Omaha 1 |
| TOP OF THE 2ND |
|
Tulsa Drillers batting - Pitching for Omaha Storm Chasers : LHP Brad Havens
|
|
Batting: LHB Mike Pagliarulo
|
0-0: Called Strike 0-1: Called Strike 0-2: Ball 1-2: Strikes out looking
|
|
Batting: RHB Bob E Johnson
|
0-0: Foul Ball, location: 2F 0-1: Called Strike 0-2: Ball 1-2: Fly out, F6 (Popup, 6S, EV 69.4 MPH)
|
|
Batting: SHB Luis Quinones
|
0-0: SINGLE (Line Drive, 6MD, EV 103.1 MPH)
|
|
Batting: RHB Nick Belmonte
|
0-0: Ball 1-0: Called Strike 1-1: Ball 2-1: Ball 3-1: SINGLE (Line Drive, 89M, EV 100.0 MPH) Luis Quinones to second Runner from 2nd tries for 3rd, SAFE, throw by CF made to third
|
|
Batting: LHB Randy Braun
|
0-0: SINGLE (Line Drive, 4M, EV 98.1 MPH) Luis Quinones scores Nick Belmonte to second Runner from 2nd tries for 3rd, SAFE, no throw by CF
|
|
Batting: RHB Onix Concepcion
|
0-0: Called Strike 0-1: Ball 1-1: Fielders Choice at 2nd, 5-4 (Groundball, 56, EV 85.6 MPH)
|
| Top of the 2nd over - 1 run, 3 hits, 0 errors, 2 left on base; Tulsa 1 - Omaha 1 |
| BOTTOM OF THE 2ND |
|
Omaha Storm Chasers batting - Pitching for Tulsa Drillers : LHP Bob Buchanan
|
|
Batting: LHB Donald Elliott
|
0-0: Called Strike 0-1: Ball 1-1: Reached on error, E4 (Groundball, 4, EV 88.1 MPH)
|
|
Batting: RHB Cesare Pierpaoli
|
0-0: Ball 1-0: Called Strike 1-1: Ball 2-1: Called Strike 2-2: Grounds into double play, 6-4-3 (Groundball, 6, EV 82.5 MPH)
|
|
Batting: LHB Bobby Barron
|
0-0: Ball 1-0: Ball 2-0: Called Strike 2-1: Called Strike 2-2: Ball 3-2: Base on Balls
|
|
Batting: RHB Kevin Coughlon
|
0-0: Ball 1-0: Fly out, F4 (Popup, 34, EV 65.6 MPH)
|
| Bottom of the 2nd over - 0 runs, 0 hits, 1 error, 1 left on base; Tulsa 1 - Omaha 1 |
| TOP OF THE 3RD |
|
Tulsa Drillers batting - Pitching for Omaha Storm Chasers : LHP Brad Havens
|
|
Batting: SHB Paul Householder
|
0-0: Ball 1-0: Ball 2-0: Called Strike 2-1: Reached on error, E4 (Popup, 3S, EV 81.3 MPH)
|
|
Batting: RHB Victor Rios
|
0-0: Ball 1-0: Foul Ball, location: 2F 1-1: Ball 2-1: Foul Ball, location: 2F 2-2: Foul Ball, location: 2F 2-2: Foul Ball, location: 2F 2-2: Foul Ball, location: 2F 2-2: SINGLE (Line Drive, 89S, EV 110.6 MPH) Paul Householder to second
|
|
Batting: LHB Jim Adduci
|
0-0: Ball Paul Householder steals 3rd base Victor Rios to second 1-0: Ball Wild Pitch! Paul Householder scores Victor Rios to third 2-0: Ball 3-0: Called Strike 3-1: DOUBLE (Line Drive, 8RD, EV 91.3 MPH) Victor Rios scores
|
|
Batting: LHB Mike Pagliarulo
|
0-0: Ball 1-0: Called Strike 1-1: Foul Ball, location: 2F 1-2: Foul Ball, location: 2F 1-2: Foul Ball, location: 2F 1-2: Strikes out swinging
|
|
Batting: RHB Bob E Johnson
|
0-0: Foul Ball, location: 2F 0-1: Ball 1-1: Called Strike 1-2: Ball 2-2: Foul Ball, location: 2F 2-2: Foul Ball, location: 2F 2-2: Ball 3-2: Foul Ball, location: 2F 3-2: DOUBLE (Flyball, 89D, EV 99.4 MPH) Jim Adduci scores
|
|
Batting: SHB Luis Quinones
|
0-0: Ball 1-0: Ground out 5-3 (Groundball, 56S, EV 76.9 MPH) Bob E Johnson to third
|
|
Batting: RHB Nick Belmonte
|
0-0: Foul Ball, location: 2F 0-1: Swinging Strike 0-2: Ground out 6-3 (Groundball, 6, EV 84.4 MPH)
|
| Top of the 3rd over - 3 runs, 3 hits, 1 error, 1 left on base; Tulsa 4 - Omaha 1 |
| BOTTOM OF THE 3RD |
|
Omaha Storm Chasers batting - Pitching for Tulsa Drillers : LHP Bob Buchanan
|
|
Batting: RHB Odie Davis
|
0-0: Ball 1-0: Ball 2-0: Called Strike 2-1: Swinging Strike 2-2: Strikes out swinging
|
|
Batting: SHB Rafael Landestoy
|
0-0: Called Strike 0-1: Ball 1-1: Foul Ball, location: 2F 1-2: Foul Ball, location: 2F 1-2: Foul Ball, location: 2F 1-2: Ball 2-2: Foul Ball, location: 2F 2-2: Foul Ball, location: 2F 2-2: Ball 3-2: Base on Balls
|
|
Batting: RHB Don Money
|
0-0: Ball Rafael Landestoy is caught stealing 2nd base 2-4 1-0: Foul Ball, location: 2F 1-1: Ball 2-1: Ball 3-1: Swinging Strike 3-2: Strikes out swinging
|
| Bottom of the 3rd over - 0 runs, 0 hits, 0 errors, 0 left on base; Tulsa 4 - Omaha 1 |
| TOP OF THE 4TH |
|
Tulsa Drillers batting - Pitching for Omaha Storm Chasers : LHP Brad Havens
|
|
Batting: LHB Randy Braun
|
0-0: Ball 1-0: Ball 2-0: Ball 3-0: Called Strike 3-1: Foul Ball, location: 2F 3-2: Foul Ball, location: 2F 3-2: DOUBLE (Line Drive, 8RD, EV 88.1 MPH)
|
|
Batting: RHB Onix Concepcion
|
0-0: Fly out, F4 (Line Drive, 4, EV 66.9 MPH)
|
|
Batting: SHB Paul Householder
|
0-0: Fly out, F8 (Flyball, 8RM, EV 85.6 MPH)
|
|
Batting: RHB Victor Rios
|
0-0: Ground out 4-3 (Groundball, 4, EV 87.5 MPH)
|
| Top of the 4th over - 0 runs, 1 hit, 0 errors, 1 left on base; Tulsa 4 - Omaha 1 |
| BOTTOM OF THE 4TH |
|
Omaha Storm Chasers batting - Pitching for Tulsa Drillers : LHP Bob Buchanan
|
|
Batting: LHB Mike LaValliere
|
0-0: Ball 1-0: Ball 2-0: Ball 3-0: Base on Balls
|
|
Batting: SHB Larry Bowa
|
0-0: Foul Ball, location: 2F 0-1: Fly out, F7 (Flyball, 7LD, EV 103.8 MPH)
|
|
Batting: LHB Donald Elliott
|
0-0: Ball 1-0: Grounds into double play, 6-4-3 (Groundball, 6, EV 110.6 MPH)
|
| Bottom of the 4th over - 0 runs, 0 hits, 0 errors, 0 left on base; Tulsa 4 - Omaha 1 |
| TOP OF THE 5TH |
|
Tulsa Drillers batting - Pitching for Omaha Storm Chasers : LHP Brad Havens
|
|
Batting: LHB Jim Adduci
|
0-0: Called Strike 0-1: Ball 1-1: DOUBLE (Line Drive, 78D, EV 106.9 MPH)
|
|
Batting: LHB Mike Pagliarulo
|
0-0: Called Strike 0-1: Foul Ball, location: 2F 0-2: Ball 1-2: Ball 2-2: SINGLE (Line Drive, 8LS, EV 104.4 MPH) Jim Adduci to third Runner from 3rd tries for Home, SAFE, throw by CF to home
|
|
Pitching: LHP Ross Baumgarten
|
|
|
Batting: RHB Bob E Johnson
|
0-0: Ball 1-0: Foul Ball, location: 2F 1-1: Swinging Strike 1-2: Strikes out swinging
|
|
Batting: SHB Luis Quinones
|
0-0: SINGLE (Line Drive, 89M, EV 100.0 MPH) Mike Pagliarulo to second Runner from 2nd tries for 3rd, SAFE, throw by CF made to third
|
|
Batting: RHB Nick Belmonte
|
0-0: SINGLE (Groundball, 6MS, EV 62.5 MPH) (infield hit) Mike Pagliarulo scores Luis Quinones to second
|
|
Batting: LHB Randy Braun
|
0-0: Ball Luis Quinones is caught stealing 3rd base 2-5 1-0: Swinging Strike 1-1: Foul Ball, location: 2F 1-2: Ball 2-2: Ball 3-2: Foul Ball, location: 2F 3-2: Strikes out swinging
|
| Top of the 5th over - 2 runs, 4 hits, 0 errors, 1 left on base; Tulsa 6 - Omaha 1 |
| BOTTOM OF THE 5TH |
|
Omaha Storm Chasers batting - Pitching for Tulsa Drillers : LHP Bob Buchanan
|
|
Batting: RHB Cesare Pierpaoli
|
0-0: Swinging Strike 0-1: Ball 1-1: Swinging Strike 1-2: Strikes out swinging
|
|
Batting: LHB Bobby Barron
|
0-0: Ground out 6-3 (Groundball, 6M, EV 84.4 MPH)
|
|
Batting: RHB Kevin Coughlon
|
0-0: Ball 1-0: Ball 2-0: Ball 3-0: Called Strike 3-1: SINGLE (Flyball, 34D, EV 87.5 MPH)
|
|
Batting: RHB Odie Davis
|
0-0: Ball 1-0: Ground out 1-3 (Groundball, 13, EV 68.1 MPH)
|
| Bottom of the 5th over - 0 runs, 1 hit, 0 errors, 1 left on base; Tulsa 6 - Omaha 1 |
| TOP OF THE 6TH |
|
Tulsa Drillers batting - Pitching for Omaha Storm Chasers : LHP Ross Baumgarten
|
|
Batting: RHB Onix Concepcion
|
0-0: Ball 1-0: Ball 2-0: Ball 3-0: Base on Balls
|
|
Batting: SHB Paul Householder
|
0-0: Ball 1-0: Called Strike 1-1: Foul Ball, location: 2F 1-2: 2-RUN HOME RUN (Flyball, 9LD, EV 105.6 MPH), Distance : 363 ft
|
|
Batting: RHB Victor Rios
|
0-0: Called Strike 0-1: Ball 1-1: SOLO HOME RUN (Flyball, 7D, EV 100.0 MPH), Distance : 388 ft
|
|
Batting: LHB Jim Adduci
|
0-0: Swinging Strike 0-1: Called Strike 0-2: Ball 1-2: Strikes out swinging
|
|
Batting: LHB Mike Pagliarulo
|
0-0: Called Strike 0-1: Called Strike 0-2: Strikes out swinging
|
|
Batting: RHB Bob E Johnson
|
0-0: Ball 1-0: Foul Ball, location: 2F 1-1: Ball 2-1: Called Strike 2-2: Reached on error, E6 (Groundball, 56D, EV 86.9 MPH)
|
|
Batting: SHB Luis Quinones
|
0-0: Called Strike 0-1: Ball 1-1: Swinging Strike 1-2: Foul Ball, location: 2F 1-2: Ball 2-2: SINGLE (Groundball, 6MD, EV 104.4 MPH) Bob E Johnson to second
|
|
Batting: RHB Nick Belmonte
|
0-0: Called Strike 0-1: Ball 1-1: Foul Ball, location: 2F 1-2: Ball 2-2: Fielders Choice at 2nd, 5-4 (Groundball, 56, EV 100.6 MPH)
|
| Top of the 6th over - 3 runs, 3 hits, 1 error, 2 left on base; Tulsa 9 - Omaha 1 |
| BOTTOM OF THE 6TH |
|
Omaha Storm Chasers batting - Pitching for Tulsa Drillers : LHP Bob Buchanan
|
|
Batting: SHB Rafael Landestoy
|
0-0: Swinging Strike 0-1: Foul Ball, location: 2F 0-2: Ground out U3 (Groundball, 3, EV 99.4 MPH)
|
|
Batting: RHB Don Money
|
0-0: Foul Ball, location: 2F 0-1: Ball 1-1: Ball 2-1: SINGLE (Flyball, 6D, EV 89.4 MPH)
|
|
Batting: LHB Mike LaValliere
|
0-0: Called Strike 0-1: Fly out, F7 (Flyball, 78M, EV 86.3 MPH)
|
|
Batting: SHB Larry Bowa
|
0-0: Foul Ball, location: 2F 0-1: SINGLE (Groundball, 56, EV 105.0 MPH) (infield hit) Don Money to second
|
|
Batting: LHB Donald Elliott
|
0-0: Ball 1-0: Ball 2-0: Ground out U3 (Groundball, 3, EV 96.3 MPH)
|
| Bottom of the 6th over - 0 runs, 2 hits, 0 errors, 2 left on base; Tulsa 9 - Omaha 1 |
| TOP OF THE 7TH |
|
Tulsa Drillers batting - Pitching for Omaha Storm Chasers : LHP Ross Baumgarten
|
|
Batting: LHB Randy Braun
|
0-0: Called Strike 0-1: Swinging Strike 0-2: Ground out U3 (Groundball, 34S, EV 87.5 MPH)
|
|
Batting: RHB Onix Concepcion
|
0-0: Called Strike 0-1: Ball 1-1: Foul Ball, location: 2F 1-2: Ground out 4-3 (Groundball, 4M, EV 110.6 MPH)
|
|
Batting: SHB Paul Householder
|
0-0: Ball 1-0: Called Strike 1-1: Ball 2-1: Foul Ball, location: 2F 2-2: DOUBLE (Groundball, 5L, EV 101.9 MPH)
|
|
Batting: RHB Victor Rios
|
0-0: Swinging Strike 0-1: Ball 1-1: Fly out, F7 (Flyball, 7, EV 83.1 MPH)
|
| Top of the 7th over - 0 runs, 1 hit, 0 errors, 1 left on base; Tulsa 9 - Omaha 1 |
| BOTTOM OF THE 7TH |
|
Omaha Storm Chasers batting - Pitching for Tulsa Drillers : LHP Bob Buchanan
|
|
Batting: RHB Cesare Pierpaoli
|
0-0: Swinging Strike 0-1: Foul Ball, location: 2F 0-2: Foul Ball, location: 2F 0-2: Foul Ball, location: 2F 0-2: Ball 1-2: Fly out, F9 (Flyball, 9LM, EV 89.4 MPH)
|
|
Pinch Hitting: LHB Michael Brown
|
0-0: Ball 1-0: Called Strike 1-1: Swinging Strike 1-2: Ball 2-2: Strikes out swinging
|
|
Batting: RHB Kevin Coughlon
|
0-0: Called Strike 0-1: Foul Ball, location: 2F 0-2: Ground out 6-3 (Groundball, 6, EV 79.4 MPH)
|
| Bottom of the 7th over - 0 runs, 0 hits, 0 errors, 0 left on base; Tulsa 9 - Omaha 1 |
| TOP OF THE 8TH |
|
Tulsa Drillers batting - Pitching for Omaha Storm Chasers : LHP Ross Baumgarten
|
|
Now in RF: Michael Brown
|
|
|
Batting: LHB Jim Adduci
|
0-0: Called Strike 0-1: Foul Ball, location: 2F 0-2: Foul Ball, location: 2F 0-2: Fly out, F8 (Flyball, 8LM, EV 96.9 MPH)
|
|
Batting: LHB Mike Pagliarulo
|
0-0: Ball 1-0: Ground out U3 (Groundball, 34S, EV 86.3 MPH)
|
|
Batting: RHB Bob E Johnson
|
0-0: Fly out, F7 (Flyball, 7LD, EV 101.9 MPH)
|
| Top of the 8th over - 0 runs, 0 hits, 0 errors, 0 left on base; Tulsa 9 - Omaha 1 |
| BOTTOM OF THE 8TH |
|
Omaha Storm Chasers batting - Pitching for Tulsa Drillers : LHP Bob Buchanan
|
|
Batting: RHB Odie Davis
|
0-0: Ground out 1-3 (Groundball, 34S, EV 68.8 MPH)
|
|
Pinch Hitting: RHB Brian David
|
0-0: Foul Ball, location: 2F 0-1: Ball 1-1: Foul Ball, location: 2F 1-2: Strikes out swinging
|
|
Batting: RHB Don Money
|
0-0: Called Strike 0-1: Foul Ball, location: 2F 0-2: Fly out, F9 (Flyball, 9S, EV 89.4 MPH)
|
| Bottom of the 8th over - 0 runs, 0 hits, 0 errors, 0 left on base; Tulsa 9 - Omaha 1 |
| TOP OF THE 9TH |
|
Tulsa Drillers batting - Pitching for Omaha Storm Chasers : LHP Ross Baumgarten
|
|
Now at SS: Brian David
|
|
|
Batting: SHB Luis Quinones
|
0-0: Foul Ball, location: 2F 0-1: Ball 1-1: Ground out 6-3 (Groundball, 6, EV 83.8 MPH)
|
|
Batting: RHB Nick Belmonte
|
0-0: Ball 1-0: Fly out, F9 (Flyball, 9, EV 90.6 MPH)
|
|
Batting: LHB Randy Braun
|
0-0: Ball 1-0: Foul Ball, location: 2F 1-1: Fly out, F9 (Flyball, 89M, EV 92.5 MPH)
|
| Top of the 9th over - 0 runs, 0 hits, 0 errors, 0 left on base; Tulsa 9 - Omaha 1 |
| BOTTOM OF THE 9TH |
|
Omaha Storm Chasers batting - Pitching for Tulsa Drillers : LHP Bob Buchanan
|
|
Pinch Hitting: LHB Charles Ross
|
0-0: Foul Ball, location: 2F 0-1: Ground out 4-3 (Groundball, 4, EV 79.4 MPH)
|
|
Batting: SHB Larry Bowa
|
0-0: Ball 1-0: Ball 2-0: Foul Ball, location: 2F 2-1: Ball 3-1: Ground out 5-3 (Groundball, 56S, EV 90.6 MPH)
|
|
Batting: LHB Donald Elliott
|
0-0: Fly out, F3 (Line Drive, 3, EV 71.3 MPH)
|
| Bottom of the 9th over - 0 runs, 0 hits, 0 errors, 0 left on base; Tulsa 9 - Omaha 1 |
|